 Dungeon Crawl Stone Soup version 0.26.1 (webtiles) character file.

Game seed: 1661397336774010545

40800 hatsuma the Protected (level 13, -12/124 HPs)
             Began as a Minotaur Fighter on Feb 5, 2021.
             Was a High Priest of Yredelemnul.
             Killed from afar by a storm dragon (32 damage)
             ... with a bolt of lightning
             ... on level 11 of the Dungeon on Feb 7, 2021.
             The game lasted 02:14:20 (20248 turns).

hatsuma the Protected (Minotaur Fighter)           Turns: 20248, Time: 02:14:20

Health: -12/124    AC: 18    Str: 26    XL:     13   Next: 76%
Magic:  16/16      EV: 10    Int: 11    God:    Yredelemnul [*****.]
Gold:   1361       SH: 16    Dex: 14    Spells: 12/12 levels left

rFire    . . .     SeeInvis +   a - +1 demon blade "Noachugh" {drain, +Inv rPois rC+ SInv}
rCold    + . .     Faith    .   t - +2 kite shield
rNeg     . . .     Spirit   .   X - +3 ring mail of the Kettle-Drum {Str+4 Int+6}
rPois    +         Reflect  .   (helmet restricted)
rElec    .         Harm     .   A - +2 cloak {rPois}
rCorr    .         Rampage  .   (no gloves)
Will     .....                  (no boots)
Stlth    +.........             S - amulet of regeneration
HPRegen  0.70/turn              T - +4 ring of protection
MPRegen  0.15/turn              m - ring of see invisible

@: mighty, hasted, very quick
A: retaliatory headbutt, horns 2
a: Renounce Religion, Evoke Invisibility, Recall Undead Slaves, Injury Mirror,
Animate Dead, Drain Life, Enslave Soul


You were on level 11 of the Dungeon.
You worshipped Yredelemnul.
Yredelemnul was extremely pleased with you.
You visited 2 branches of the dungeon, and saw 17 of its levels.
You also visited: Ossuary.

You collected 1361 gold pieces.

Inventory:

Hand Weapons
 a - the +1 demon blade "Noachugh" (weapon) {drain, +Inv rPois rC+ SInv}
   (You acquired it on level 3 of the Lair of Beasts)

   A truly terrible weapon, it drains the life of those it strikes.
   It protects you from cold.
   It protects you from poison.
   It lets you see invisible.
   It lets you turn invisible.
 b - the +9 hand crossbow "Ocukkoli" {penet, +Inv rF+ Will+}
   (You found it on level 6 of the Lair of Beasts)

   Ammo fired by it passes through the targets it hits, potentially hitting all
   targets in its path until it reaches maximum range.
   It protects you from fire.
   It affects your willpower, your defense against some magical effects.
   It lets you turn invisible.
 E - the +5 quarterstaff of Agony {antimagic, *Noise rElec MP+9}
   (You found it on level 7 of the Dungeon)

   It reduces the magical energy of the wielder, and disrupts the spells and
   magical abilities of those hit.
   Natural abilities and divine invocations are not affected.
   It insulates you from electricity.
   It affects your magic capacity (+9).
   It may make noises in combat.
 H - a +2 scimitar of flaming
Missiles
 i - 22 poisoned darts (quivered)
 W - 18 bolts
Armour
 t - a +2 kite shield (worn)
 A - a +2 cloak of poison resistance (worn)
 X - the +3 ring mail of the Kettle-Drum (worn) {Str+4 Int+6}
   (You found it on level 9 of the Dungeon)

   It affects your strength (+4).
   It affects your intelligence (+6).
Jewellery
 d - an uncursed ring of protection from fire
 m - a ring of see invisible (right hand)
 S - an amulet of regeneration (around neck)
 T - a +4 ring of protection (left hand)
 V - an uncursed ring of positive energy
Wands
 e - a wand of paralysis (10)
 j - a wand of flame (9)
 F - a wand of enslavement (6)
 G - a wand of digging (4)
 I - a wand of acid (6)
 P - a wand of iceblast (9)
 R - a wand of random effects (29)
Scrolls
 l - a scroll of blinking {unknown}
 n - 12 scrolls of remove curse
 o - 9 scrolls of teleportation
 r - a scroll of magic mapping
 u - 4 scrolls of enchant armour
 w - a scroll of brand weapon {unknown}
 y - 3 scrolls of fear
 z - 4 scrolls of enchant weapon
 D - a scroll of acquirement
 J - 2 scrolls of amnesia
 N - 2 scrolls of vulnerability
 O - a scroll of summoning {unknown}
Potions
 c - 3 potions of might
 f - 10 potions of curing
 g - 2 potions of ambrosia
 h - 4 potions of heal wounds
 p - 4 potions of attraction
 q - a potion of haste
 s - 4 potions of cancellation
 v - 4 potions of invisibility {unknown}
 x - 4 potions of berserk rage
 K - 3 potions of flight
 L - a potion of mutation {unknown}
 M - a potion of resistance {unknown}
 Q - 2 potions of lignification {unknown}
 U - 2 potions of brilliance
Miscellaneous
 k - a phantom mirror


   Skills:
 - Level 14.0 Fighting
 - Level 14.0 Long Blades
 - Level 14.4 Armour
 + Level 13.3 Shields
 - Level 6.0 Invocations


You had 12 spell levels left.
You didn't know any spells.
Your spell library contained the following spells:

 Spells                   Type           Power        Failure   Level
 Animate Skeleton         Necr           0%           52%         1
 Corona                   Hex            0%           52%         1
 Magic Dart               Conj           0%           52%         1
 Pain                     Necr           0%           52%         1
 Shock                    Conj/Air       0%           52%         1
 Blink                    Tloc           N/A          65%         2
 Call Imp                 Summ           0%           65%         2
 Slow                     Hex            0%           65%         2
 Swiftness                Air            0%           65%         2
 Conjure Flame            Conj/Fire      0%           87%         3
 Ignite Poison            Fire/Tmut/Pois 0%           87%         3
 Inner Flame              Hex/Fire       0%           87%         3
 Mephitic Cloud           Conj/Pois/Air  0%           87%         3
 Portal Projectile        Hex/Tloc       0%           87%         3
 Static Discharge         Conj/Air       0%           87%         3
 Vampiric Draining        Necr           0%           87%         3
 Airstrike                Air            0%           99%         4
 Animate Dead             Necr           0%           99%         4
 Cause Fear               Hex            0%           99%         4
 Leda's Liquefaction      Hex/Erth       0%           99%         4
 Agony                    Necr           0%           100%        5
 Fireball                 Conj/Fire      0%           100%        5
 Lightning Bolt           Conj/Air       0%           100%        5
 Silence                  Hex/Air        0%           100%        5
 Yara's Violent Unravell  Hex/Tmut       0%           100%        5
 Starburst                Conj/Fire      0%           100%        6
 Discord                  Hex            0%           100%        8
 Ignition                 Fire           0%           100%        8


Dungeon Overview and Level Annotations

Branches:
Dungeon (11/15)            Temple (0/1) D:7            Lair (6/6) D:9
  Swamp (0/4) Lair:3       Spider (0/4) Lair:3        Slime (0/5) Lair:6
    Orc (0/2) D:9         Ossuary (visited)

Altars:
Ashenzari
Cheibriados
Gozag
Hepliaklqana
Nemelex Xobeh
Okawaru
Qazlal
Ru
Sif Muna
Uskayaw
Vehumet
Wu Jian
Xom
Yredelemnul
Zin
Jiyva

Shops:
D:8 *

Annotations:
D:5 1 runed translucent door, Caestello's ghost, novice KoAr
D:6 exclusion: oklob plant
D:7 exclusion: statue
D:8 2 transporters, Hehehe's ghost, novice DDFi


Innate Abilities, Weirdness & Mutations

You reflexively headbutt those who attack you in melee.
You have a pair of horns on your head.


Message History

Your water moccasin zombie misses the storm dragon.
There is an open door here.
Things that are here:
a +0 dagger; a cursed -1 robe; a kobold corpse Something bites your water moccasin zombie!
Your water moccasin zombie is destroyed!
The storm dragon bites you.
* * * LOW HITPOINT WARNING * * *
The storm dragon barely misses you.
The storm dragon tramples you but does no damage.
You feel yourself speed up. You block the storm dragon's attack.
The storm dragon claws you but does no damage.
The storm dragon barely misses you.
The ice dragon changes into a wolf spider!
There is an open door here.
There is an open door here.
The storm dragon breathes lightning at you.
The bolt of lightning hits you!!
You die...
Your body rises from the dead as a mindless zombie.

# #.............#.# #. #
##Z#'########..#.# #.
#########[W#..#..#..#°##.#######.
.........WZ#..#.$'..#.##.#.......
#########..##[#+##s##......#####.
#..#..# #.8#..#...# #. #..#..#
#8D#......# ##
#..##'####'##..#..##
#..#..†.@'..#.##..#
#..#..#..#..#.##..# #
#..##########.##..#######
##...W.Z......##.......##
########..##.###.#......
#.###.###.#.##.##
#W..........##.##
#Z###.###.####.## #.....#
#.####...


You could see a storm dragon (catching breath).

Vanquished Creatures
  A fire dragon (Lair:6)
  2 hydras
  An ice dragon (D:9)
  A centaur warrior (D:11)
  Erica (D:7)
  A fire crab (Lair:6)
  An unseen horror (D:11)
  Pikel (D:8)
  A manticore (D:11)
  2 elephants (Lair:6)
  11 black mambas
  Joseph (D:7)
  9 cane toads
  A molten gargoyle (Lair:6)
  A kobold demonologist (D:11)
  5 komodo dragons
  2 rime drakes
  A troll (D:9)
  A polar bear (Lair:4)
  Prince Ribbit (D:8)
  5 blink frogs
  4 dream sheep (Lair:6)
  Sigmund (D:2)
  25 yaks
  7 wyverns
  A human (shapeshifter) (D:11)
  3 basilisks
  Menkaure (D:5)
  12 water moccasins
  2 hell hounds (Lair:6)
  4 orc warriors
  4 black bears
  3 sky beasts
  5 phantoms
  An ice beast (D:10)
  A necrophage (D:8)
  2 ogres
  4 centaurs
  4 lemures
  11 bullfrogs
  A wyvern skeleton (D:10)
  3 water moccasin zombies (Ossuary)
  3 scorpions
  6 killer bees (D:10)
  8 wights
  A howler monkey (D:9)
  A bullfrog zombie (D:4)
  3 lava snakes (Lair:6)
  3 hounds
  A quasit (D:7)
  8 jellies
  Crazy Yiuf (D:5)
  A bullfrog skeleton (D:5)
  2 orc priests
  2 gnoll shamans
  2 hell rats (Lair:6)
  5 iguanas
  5 orc wizards
  3 worker ants
  4 big kobold zombies (Ossuary)
  A hound zombie (D:5)
  4 hound skeletons
  2 mummies (Ossuary)
  12 gnolls
  11 adders
  3 shadow imps
  3 white imps
  An ufetubus (D:5)
  16 oozes
  6 adder zombies (Ossuary)
  6 dart slugs
  3 worms
  6 leopard geckos
  33 orcs
  8 bats
  15 giant cockroaches
  2 gnoll zombies (Ossuary)
  5 goblins
  3 hobgoblins
  10 jackals
  5 quokkas
  7 ball pythons
  4 frilled lizards
  A goblin zombie (D:7)
  2 hobgoblin zombies (Ossuary)
  7 kobolds
  6 kobold zombies (Ossuary)
  A leopard gecko skeleton (D:8)
  3 orc zombies (Ossuary)
  2 quokka zombies
  4 rats
400 creatures vanquished.

Vanquished Creatures (collateral kills)
  4 hydras
  3 death yaks (Lair:4)
  4 oklob plants (Lair:6)
  6 elephants
  A torpor snail (Lair:6)
  2 molten gargoyles (Lair:6)
  3 black mambas
  4 cane toads
  2 rime drakes (Lair:2)
  5 komodo dragons
  A troll (D:10)
  A polar bear (Lair:6)
  A tengu conjurer (D:11)
  A tyrant leech (Lair:3)
  3 blink frogs
  4 dream sheep (Lair:6)
  12 yaks
  A wraith (D:10)
  A tarantella (Lair:3)
  4 basilisks (Lair:6)
  A steam dragon (Lair:6)
  10 water moccasins
  A hell hound (Lair:6)
  A phantom (D:11)
  2 ice beasts (D:9)
  An eye of draining (D:10)
  A necrophage (D:8)
  A centaur (D:9)
  4 bullfrogs
  A water moccasin zombie (D:11)
  A wight (D:8)
  5 electric eels
  2 lava snakes (Lair:6)
  A centaur zombie (D:10)
  A jelly (D:9)
  An orc priest (D:10)
  4 hell rats (Lair:6)
  A worker ant (D:10)
  An orc wizard (D:10)
  An adder (D:10)
  A shadow imp (D:8)
  An adder zombie (D:9)
  A leopard gecko (D:10)
107 creatures vanquished.

Vanquished Creatures (others)
  A phantasmal warrior (D:11)
  9 flying skulls
  4 wraiths
  A vampire (Lair:6)
  2 wights
  2 black mamba zombies (Lair:6)
  A hydra zombie (Lair:6)
  A mummy (D:9)
  A torpor snail zombie (Lair:6)
  2 blink frog zombies (Lair:6)
  2 dream sheep zombies (Lair:6)
  2 elephant zombies (Lair:6)
  2 komodo dragon zombies
  A water moccasin zombie (D:11)
  2 wyvern zombies (Lair:6)
  3 cane toad zombies (Lair:6)
  A rime drake zombie (Lair:6)
  A basilisk zombie (Lair:6)
  3 hell rat zombies (Lair:6)
  A steam dragon zombie (Lair:6)
  5 yak zombies (Lair:6)
  113 fungi
  147 plants
307 creatures vanquished.

Grand Total: 814 creatures vanquished

Notes
Turn   | Place    | Note
-------+----------+-------------------------------------------
     0 | D:1      | hatsuma the Minotaur Fighter began the quest for the Orb.
     0 | D:1      | Reached XP level 1. HP: 19/19 MP: 0/0
   108 | D:1      | Reached XP level 2. HP: 26/27 MP: 1/1
   935 | D:1      | Reached XP level 3. HP: 32/33 MP: 2/2
  1186 | D:2      | Noticed Sigmund
  1243 | D:2      | Noticed an ogre
  1324 | D:2      | Killed an ogre
  1325 | D:2      | Reached skill level 5 in Long Blades
  1325 | D:2      | Reached XP level 4. HP: 18/40 MP: 3/3
  1325 | D:2      | Reached XP level 5. HP: 21/46 MP: 4/4
  1596 | D:2      | Killed Sigmund
  1597 | D:2      | Reached XP level 6. HP: 35/57 MP: 5/5
  2354 | D:3      | Found a hide-covered altar of Uskayaw.
  2491 | D:3      | Found a hazy altar of Hepliaklqana.
  2591 | D:3      | Found a basalt altar of Yredelemnul.
  2591 | D:3      | Found an ornate altar of the Wu Jian Council.
  2594 | D:3      | Found a stormy altar of Qazlal.
  2904 | D:3      | Reached skill level 5 in Armour
  3089 | D:3      | Became a worshipper of Yredelemnul the Dark
  3253 | D:4      | Found a glowing silver altar of Zin.
  3337 | D:4      | Reached skill level 5 in Shields
  3404 | D:4      | Reached XP level 7. HP: 42/63 MP: 6/6
  3880 | D:5      | Entered Level 5 of the Dungeon
  3885 | D:5      | Noticed Menkaure
  3894 | D:5      | Killed Menkaure
  4152 | D:5      | Found a runed translucent door.
  4152 | D:5      | Noticed a wyvern
  4157 | D:5      | Noticed Caestello's ghost (novice KoAr)
  4644 | D:5      | Reached * piety under Yredelemnul
  4645 | D:5      | Reached XP level 8. HP: 55/70 MP: 7/7
  5320 | D:5      | Found a runed translucent door.
  5321 | D:5      | Noticed Crazy Yiuf
  5366 | D:5      | Killed Crazy Yiuf
  5728 | D:6      | Found an opulent altar of Gozag.
  5839 | D:6      | Found a sacrificial altar of Ru.
  6049 | D:6      | Found a shimmering altar of Xom.
  6098 | D:6      | Reached ** piety under Yredelemnul
  6125 | D:6      | Reached XP level 9. HP: 82/82 MP: 8/8
  6248 | D:6      | Found a sparkling altar of Nemelex Xobeh.
  6355 | D:6      | Noticed an oklob plant
  6692 | D:7      | Found a broken altar of Ashenzari.
  6743 | D:7      | Found a staircase to the Ecumenical Temple.
  6865 | D:7      | Found a sand-covered staircase.
  6872 | Ossuary  | Entered an ossuary
  7031 | Ossuary  | Reached *** piety under Yredelemnul
  7335 | D:7      | Noticed Joseph
  7362 | D:7      | Killed Joseph
  7712 | D:7      | Found an iron altar of Okawaru.
  7818 | D:7      | Found an iron altar of Okawaru.
  7884 | D:7      | Found a snail-covered altar of Cheibriados.
  8026 | D:7      | Got an iridescent quarterstaff
  8032 | D:7      | Identified the +5 quarterstaff of Agony {antimagic, *Noise
                  | rElec MP+9} (You found it on level 7 of the Dungeon)
  8283 | D:7      | Found a radiant altar of Vehumet.
  8323 | D:7      | Reached skill level 10 in Armour
  8521 | D:8      | Noticed Hehehe's ghost (novice DDFi)
  8521 | D:8      | Identified the cursed +1 dire flail "Ceigh" {drain, +Inv
                  | Int+3}
  8521 | D:8      | Noticed a two-headed ogre
  8523 | D:8      | Found a transporter.
  8558 | D:8      | Found a transporter.
  8561 | D:8      | Noticed Pikel
  8724 | D:8      | Received a gift from Yredelemnul (a wight)
  8793 | D:8      | Found Ixera's Demolitions Depot.
  8883 | D:8      | Killed Pikel
  8884 | D:8      | Reached skill level 10 in Fighting
  8884 | D:8      | Reached XP level 10. HP: 90/94 MP: 9/9
  8992 | D:8      | Noticed Prince Ribbit
  9163 | D:8      | Noticed Erica
  9211 | D:7      | Killed Erica
  9211 | D:7      | Reached **** piety under Yredelemnul
  9211 | D:7      | Received a gift from Yredelemnul (a mummy)
  9456 | D:8      | Killed Prince Ribbit
  9457 | D:8      | Reached skill level 10 in Shields
  9594 | D:9      | Noticed an ice dragon
  9799 | D:9      | Found a staircase to the Lair.
  9952 | D:9      | Received a gift from Yredelemnul (a wraith)
  9953 | D:9      | Reached skill level 10 in Long Blades
 10080 | D:9      | Found a staircase to the Orcish Mines.
 10099 | D:9      | Reached skill level 1 in Invocations
 10195 | D:9      | Found a shimmering blue altar of Sif Muna.
 10379 | D:10     | Entered Level 10 of the Dungeon
 10544 | D:10     | Received a gift from Yredelemnul (a wight)
 10749 | D:10     | Reached skill level 5 in Invocations
 10779 | D:10     | Reached XP level 11. HP: 80/101 MP: 13/13
 11278 | D:11     | Noticed a centaur warrior
 11288 | D:11     | Killed a centaur warrior
 11565 | D:11     | Noticed a boulder beetle
 11567 | D:11     | Found a sacrificial altar of Ru.
 11914 | Lair:1   | Entered Level 1 of the Lair of Beasts
 12331 | Lair:1   | Noticed a five-headed hydra
 12358 | Lair:1   | Killed a one-headed hydra
 12541 | Lair:1   | Received a gift from Yredelemnul (a vampire)
 13149 | Lair:2   | Noticed a seven-headed hydra
 13398 | Lair:2   | Killed a six-headed hydra
 14065 | Lair:2   | Reached XP level 12. HP: 94/110 MP: 14/14
 14410 | Lair:3   | Received a gift from Yredelemnul (4 flying skulls)
 14504 | Lair:3   | Identified 2 scrolls of acquirement
 14535 | Lair:3   | Acquired the +1 demon blade "Noachugh" {drain, +Inv rPois
                  | rC+ SInv}
 14668 | Lair:3   | Noticed an eight-headed hydra
 14676 | Lair:3   | Killed a five-headed hydra
 14708 | Lair:3   | Found a staircase to the Swamp.
 14711 | Lair:3   | Noticed a seven-headed hydra
 14727 | Lair:3   | Killed a three-headed hydra
 14926 | Lair:3   | Found a hole to the Spider Nest.
 15301 | Lair:4   | Noticed a death yak
 15305 | Lair:4   | Noticed a death yak
 15305 | Lair:4   | Noticed a death yak
 15311 | Lair:4   | Killed a death yak
 15321 | Lair:4   | Killed a death yak
 15322 | Lair:4   | Killed a death yak
 15329 | Lair:4   | Received a gift from Yredelemnul (a wraith)
 16507 | Lair:5   | Received a gift from Yredelemnul (a wraith)
 16799 | Lair:5   | Reached ***** piety under Yredelemnul
 17571 | Lair:6   | Entered Level 6 of the Lair of Beasts
 17604 | Lair:6   | Reached XP level 13. HP: 124/124 MP: 16/16
 17606 | Lair:6   | Received a gift from Yredelemnul (5 flying skulls)
 17983 | Lair:6   | Found a viscous altar of Jiyva.
 17983 | Lair:6   | Found a staircase to the Slime Pits.
 18014 | Lair:6   | Received a gift from Yredelemnul (a phantasmal warrior)
 18613 | Lair:6   | Got a steaming shortbow
 18614 | Lair:6   | Identified the +10 shortbow of the Chickpea {speed, rPois
                  | Int+2} (You found it on level 6 of the Lair of Beasts)
 18757 | Lair:6   | Received a gift from Yredelemnul (a wraith)
 19132 | Lair:6   | Noticed a fire dragon
 19332 | Lair:6   | Found a large runed translucent door.
 19332 | Lair:6   | Found a large runed translucent door.
 19347 | Lair:6   | Killed a fire dragon
 19360 | Lair:6   | Got a crystal hand crossbow
 19371 | Lair:6   | Identified the +9 hand crossbow "Ocukkoli" {penet, +Inv rF+
                  | Will+} (You found it on level 6 of the Lair of Beasts)
 19799 | D:9      | Got an obsidian-encrusted ring mail
 19810 | D:9      | Identified the +3 ring mail of the Kettle-Drum {Str+4
                  | Int+6} (You found it on level 9 of the Dungeon)
 20087 | D:11     | Found a runed translucent door.
 20231 | D:11     | Noticed a storm dragon
 20248 | D:11     | Killed from afar by a storm dragon

Illustrated notes

Levels and vault maps discovered:
D:1:      onia_arrival_handbag, layout_loops_corners,
          kennysheep_decorative_pillar, minmay_tetromino_l4
D:2:      layout_rooms, uniq_sigmund
D:3:      minmay_roachtagon, layout_loops_corners,
          eat_drink_and_be_merry_uskayaw, nicolae_overflow_hidden_temple,
          minitemple, minmay_snake_closets
D:4:      layout_basic, zin_statuary
D:5:      layout_basic, ebering_ghost_inner_flame, eino_tiny_chamber,
          uniq_menkaure, uniq_crazy_yiuf_cottage
D:6:      lemuel_slime, layout_rooms, kennysheep_mini,
          overflow_temple_1_default, grunt_gozag_breadcrumbs,
          chequers_serial_rivers_room_b, nicolae_ru_awakened_eye
D:7:      layout_gridville, slow_altar_1, vehumet_statue,
          evilmike_ruin_ashenzari, lemuel_round_altar,
          minmay_temple_entry_junction, enter_ossuary_4,
          kennysheep_okawaru_gauntlet, uniq_joseph
D:8:      layout_rooms, gammafunk_ghost_smash, nicolae_blasting_shop,
          uniq_prince_ribbit1, uniq_erica, uniq_pikel
D:9:      dragon1_lemuel, layout_basic, lemuel_blue_sif_altar,
          grunt_lair_entry_orc_guard_hut
D:10:     layout_roguey, hangedman_decor_diamond_cutter, minmay_fountain_box
D:11:     layout_loops_ring, biasface_ghost_orc_armoury, basic_altar,
          minivault_13, uniq_urug, uniq_nergalle
Lair:1:   layout_chaotic_city
Lair:2:   layout_roguey, guppyfry_lair_drakes, grunt_megastairs_1
Lair:3:   layout_gridlike, minmay_swamp_entry_worms, spider_nest_entry_rubble
Lair:4:   layout_cave_pods, beast_lair_carwin_4, grunt_megastairs_2,
          lemuel_fruit_tree
Lair:5:   beast_lair_carwin_large_4, layout_layer_cave, patterned_corridor,
          grunt_megastairs_4
Lair:6:   cheibrodos_lair_end_hotspot, layout_regular_city, slime_altar_1,
          st_stairs_12, minmay_lair_oklob_chamber, infiniplex_staircase_pool

Skill      XL: |  1  2  3  4  5  6  7  8  9 10 11 12 13 |
---------------+----------------------------------------+-----
Long Blades    | 3 5 6 7 9 10 13 14 | 14.0
Fighting       | 4 6 8 10 11 14 | 14.0
Armour         | 4 5 6 8 10 11 12 14 | 14.4
Shields        | 4 5 6 7 8 10 12 13 | 13.3
Invocations    | 5 6 |  6.0

Action                   |  1- 3 |  4- 6 |  7- 9 | 10-12 | 13-15 || total
-------------------------+-------+-------+-------+-------+-------++-------
Melee: Long sword        |    73 |   136 |   588 |   502 |       ||  1299
       Headbutt          |    15 |    26 |   131 |   182 |    50 ||   404
       Scimitar          |       |       |       |    16 |    30 ||    46
       Demon blade       |       |       |       |   215 |   193 ||   408
Throw: Dart              |     3 |       |       |       |       ||     3
Invok: Animate Dead      |       |       |       |    17 |    22 ||    39
       Recall Undead Sla |       |       |       |     5 |     3 ||     8
       Injury Mirror     |       |       |       |       |     1 ||     1
       Drain Life        |       |       |       |       |     1 ||     1
Evoke: Wand              |       |       |       |     1 |       ||     1
  Use: Potion            |       |     1 |       |       |     3 ||     4
       Scroll            |       |     4 |     3 |    15 |     4 ||    26
 Stab: Distracted        |       |       |     2 |     5 |     3 ||    10
Armor: Scale mail        |    39 |    49 |    47 |       |       ||   135
       Plate armour      |       |       |   194 |   234 |    93 ||   521
       Ring mail         |       |       |       |       |     8 ||     8
Dodge: Dodged            |    24 |    42 |   103 |   100 |    45 ||   314
Block: Kite shield       |    47 |    73 |   357 |   377 |   123 ||   977
       Rpst.: Long sword |     5 |     8 |    25 |    16 |       ||    54
       Demon blade       |       |       |       |     4 |     2 ||     6
       Scimitar          |       |       |       |       |     2 ||     2
